 Dungeon Crawl Stone Soup version 0.14-a0-736-g2a71271 (webtiles) character file.

289 Malachi the Ruffian (level 4, -2/35 HPs)
             Began as a Draconian Transmuter on Nov 7, 2013.
             Killed from afar by Sigmund (3 damage)
             ... with a magic dart
             ... on Level 4 of the Dungeon.
             The game lasted 00:03:49 (3394 turns).

Malachi the Ruffian (Draconian Transmuter)          Turns: 3394, Time: 00:03:49

HP  -2/35        AC  6     Str 13      XL: 4   Next: 77%
MP   6/6         EV 12     Int 14      God:
Gold 168         SH  0     Dex 11      Spells:  3 memorised,  1 level left

Res.Fire  : . . .   See Invis. : .     - Unarmed
Res.Cold  : . . .   Warding    : .   (armour unavailable)
Life Prot.: . . .   Conserve   : .   (no shield)
Res.Poison: .       Res.Corr.  : .   (helmet restricted)
Res.Elec. : .       Clarity    : .   (no cloak)
Sust.Abil.: . .     Spirit.Shd : .   t - +0 pair of gauntlets
Res.Mut.  : .       Stasis     : .   (no boots)
Res.Rott. : .       Flight     : .   (no amulet)
Saprovore : . . .                    (no ring)
                                     (no ring)

@: slightly resistant to hostile enchantments, unstealthy
A: unfitting armour, AC +5
a: no special abilities


You were on level 4 of the Dungeon.
You were not hungry.

You visited 1 branch of the dungeon, and saw 4 of its levels.

You collected 168 gold pieces.

Inventory:

Missiles
 b - 56 arrows
 e - 4 arrows of dispersal
Armour
 t - a +0 pair of gauntlets (worn)
Comestibles
 a - 2 bread rations
 h - 2 meat rations
Scrolls
 c - a scroll of blinking {unknown}
 f - 2 scrolls of recharging {unknown}
 i - 2 scrolls of identify {unknown}
 k - a scroll of curse weapon {unknown}
 l - a scroll of random uselessness {unknown}
 n - 6 scrolls of remove curse {unknown}
 o - 2 scrolls of magic mapping {unknown}
 p - 2 scrolls of teleportation {unknown}
 s - a scroll of fog {unknown}
Potions
 g - a potion of brilliance {unknown}
 j - a potion of restore abilities {unknown}
 m - a potion of flight {unknown}
 q - 2 potions of might {unknown}
 r - a potion of mutation {unknown}
 u - 4 potions of paralysis {unknown}
Books
 d - a book of Changes

   Spells                             Type                      Level
   *Beastly Appendage                 Transmutation                1
   *Sticks to Snakes                  Transmutation                2
   *Spider Form                       Transmutation/Poison         3
   Ice Form                           Ice/Transmutation            4
   Blade Hands                        Transmutation                5


   Skills:
 + Level 1.5 Fighting
 + Level 2.7 Dodging
 - Level 0.2 Stealth
 + Level 3.8 Unarmed Combat
 - Level 2.0 Spellcasting
 * Level 3.1 Transmutations
 * Level 1.2 Poison Magic


You had one spell level left.
You knew the following spells:

 Your Spells              Type           Power        Failure   Level  Hunger
a - Beastly Appendage     Trmt           ##....       10%         1    ##.....
b - Sticks to Snakes      Trmt           ##........   12%         2    ###....
c - Spider Form           Trmt/Pois      #.........   30%         3    ####...


Dungeon Overview and Level Annotations

Branches:
Dungeon (4/27)
 Temple: D:4-7

Altars:

Annotations:
D:2 1 exclusion
D:4 Sigmund


Message History

Sigmund drinks a potion.
Sigmund flickers and vanishes!
Deactivating autopickup; reactivate with Ctrl-A.
Wield which item (- for none, * to show all)? (? for menu, Esc to quit)
Okay, then.
An orc priest comes into view. It is wielding an orcish war axe.
The orc priest shouts!
An orc priest comes into view.
The orc priest shouts!
The orc priest calls down the wrath of Beogh upon you.
Pain shoots through your body!
The orc priest calls down the wrath of Beogh upon you.
Something smites you!
The orc priest mumbles some strange prayers to Beogh against you.
Something smites you!
* * * LOW HITPOINT WARNING * * *
The magic dart hits you!
* * * LOW HITPOINT WARNING * * *
A giant newt comes into view.
The magic dart hits you!
You die...

....o.....#..?.....#..
.####.....#........#...
........................
......?...##.......#....
.l.........)............
..o.o.....##.......#.#.#
..........##.......#.#>#
.........................
........@.######.#.##.#.#
........<.######.#.##.#.#
........................
.#######.######.#.##.#.#
#.# #.#.##.#.# #.#
#.#.##.#.# #.# .......#.#
#.# ......... . .........


You could see 2 orc priests and a giant newt.

Vanquished Creatures
  5 adders
  A giant mite (D:2)
  2 worms
  An ooze (D:2)
  3 orcs (D:3)
  A ball python (D:4)
  4 bats
  4 giant cockroaches
  3 hobgoblins (D:1)
  3 jackals (D:2)
  A quokka (D:4)
  3 giant geckos
  A giant gecko skeleton (D:4)
  5 giant newts
  4 goblins
  A goblin zombie (D:1)
  4 kobolds
  A kobold zombie (D:1)
  11 rats
58 creatures vanquished.

Notes
Turn   | Place    | Note
--------------------------------------------------------------
     0 | D:1      | Malachi, the Draconian Transmuter, began the quest for the Orb.
     0 | D:1      | Reached XP level 1. HP: 16/16 MP: 1/1
   429 | D:1      | Reached XP level 2. HP: 21/23 MP: 3/3
   439 | D:1      | Learned a level 2 spell: Sticks to Snakes
  1190 | D:2      | Reached XP level 3. HP: 13/28 MP: 4/4
  1195 | D:2      | Learned a level 3 spell: Spider Form
  1939 | D:2      | Reached XP level 4. HP: 16/35 MP: 6/6
  2170 | D:2      | Reached skill level 1 in Poison Magic
  3386 | D:4      | Noticed Sigmund
  3393 | D:4      | HP: 1/35 [it/magic dart (5)]
  3394 | D:4      | Killed from afar by Sigmund

Action                   |  1- 3 |  4- 6 || total
-------------------------+-------+-------++-------
Melee: Unarmed           |   145 |   126 ||   271
 Cast: Beastly Appendage |     3 |     6 ||     9
  Use: Potion            |     1 |       ||     1
